 Dungeon Crawl Stone Soup version 0.17.1-3-g152610e (webtiles) character file.

98 manyhoops the Poker (level 4, -4/35 HPs)
             Began as a Merfolk Gladiator on Apr 5, 2016.
             Slain by Crazy Yiuf
             ... wielding a +3 quarterstaff of chaos
              (5 damage)
             ... while paralysed by Crazy Yiuf
             ... on level 2 of the Dungeon.
             The game lasted 00:02:33 (1692 turns).

manyhoops the Poker (Merfolk Gladiator)             Turns: 1692, Time: 00:02:34

Health: -4/35      AC:  4    Str: 15    XL:     4   Next: 71%
Magic:  1/4        EV:  2    Int:  7    God:
Gold:   158        SH:  0    Dex: 15    Spells: 0 memorised, 3 levels left

rFire  . . .     SeeInvis .     a - +0 trident
rCold  . . .     Clarity  .     b - +0 leather armour
rNeg   . . .     SustAt   .     (no shield)
rPois  .         Gourm    .     c - +0 helmet
rElec  .         Spirit   .     (no cloak)
rCorr  .         Warding  .     (no gloves)
rMut   .         Stasis   .     (no boots)
MR     .....                    (no amulet)
Stlth  ++........               (no ring)
                                (no ring)

@: paralysed, drained, not resistant to hostile enchantments, unstealthy
A: change form in water, swift swim
a: no special abilities


You were on level 2 of the Dungeon.
You were very hungry.

You visited 1 branch of the dungeon, and saw 2 of its levels.

You collected 158 gold pieces.

Inventory:

Hand Weapons
 a - a +0 trident (weapon)
Missiles
 d - 3 throwing nets (quivered)
Armour
 b - a +0 leather armour (worn)
 c - a +0 helmet (worn)
 m - a +0 robe of magic resistance
Scrolls
 f - a scroll of recharging {unknown}
 g - 2 scrolls of teleportation {unknown}
 h - 2 scrolls of identify {unknown}
 k - a scroll of fear {unknown}
 n - a scroll of blinking {unknown}
 p - a scroll of random uselessness {unknown}
Potions
 i - a potion of curing {unknown}
 l - a potion of resistance {unknown}
Comestibles
 e - a bread ration
 j - a slice of pizza
 o - a beef jerky


   Skills:
 + Level 3.2(3.0) Fighting
 + Level 5.5(5.3) Polearms
 - Level 2.0(1.7) Throwing
 + Level 0.4(0.2) Armour
 + Level 5.0(4.7) Dodging
 * Level 1.2(1.0) Stealth


You had 3 spell levels left.
You didn't know any spells.

Dungeon Overview and Level Annotations

Branches:
Dungeon (2/15)

Altars:
Fedhas
Kikubaaqudgha

Annotations:
D:2 Crazy Yiuf


Message History

Crazy Yiuf hits you but does no damage.
You feel drained.
You closely miss Crazy Yiuf.
Crazy Yiuf is moderately wounded.
You puncture Crazy Yiuf!
Crazy Yiuf is severely wounded.
Crazy Yiuf hits you with a quarterstaff of chaos!
You closely miss Crazy Yiuf.
Crazy Yiuf is severely wounded.
Crazy Yiuf hits you with a quarterstaff of chaos!
You suddenly lose the ability to move!
Crazy Yiuf yells, "Powder eyeball pontify!"
Crazy Yiuf hits you with a quarterstaff of chaos.
* * * LOW HITPOINT WARNING * * *
Crazy Yiuf freezes you.
* * * LOW HITPOINT WARNING * * *
Crazy Yiuf hits you with a quarterstaff of chaos.
* * * LOW HITPOINT WARNING * * *
You feel your power leaking away.
Crazy Yiuf hits you with a quarterstaff of chaos.
You die...

#.>........####..................
#................................
#..........<.....................
#####..################..........
#.## #.......... #.###♣♣♣♣♣
#.......... #.#....♣.♣♣♣ ####
#........## #.......♣..♣#...#
#........# #......♣♣♣♣.@g..#
######.### ##....♣♣ ♣♣#..)# #.#
####♣♣ #### #.#### #..... ######


You could see Crazy Yiuf.

Vanquished Creatures
  4 gnolls (D:2)
  An adder (D:2)
  An ooze (D:1)
  An adder zombie (D:2)
  An adder skeleton (D:2)
  2 giant geckos
  3 giant cockroaches (D:1)
  A goblin (D:1)
  7 hobgoblins
  4 kobolds
  A ball python (D:1)
  6 bats
  A giant gecko skeleton (D:2)
  3 giant newts (D:1)
  4 rats
40 creatures vanquished.

Notes
Turn   | Place    | Note
--------------------------------------------------------------
     0 | D:1      | manyhoops the Merfolk Gladiator began the quest for the Orb.
     0 | D:1      | Reached XP level 1. HP: 16/16 MP: 1/1
   306 | D:1      | Reached XP level 2. HP: 18/23 MP: 2/2
   731 | D:1      | Reached XP level 3. HP: 28/28 MP: 3/3
   944 | D:2      | Reached skill level 5 in Polearms
   964 | D:2      | Found a blossoming altar of Fedhas.
   965 | D:2      | Found an ancient bone altar of Kikubaaqudgha.
  1030 | D:2      | Reached XP level 4. HP: 24/34 MP: 4/4
  1039 | D:2      | Reached skill level 1 in Stealth
  1085 | D:2      | Reached skill level 5 in Dodging
  1684 | D:2      | Noticed Crazy Yiuf
  1689 | D:2      | Paralysed by Crazy Yiuf for 6 turns
  1691 | D:2      | HP: 1/35 [Crazy Yiuf/quarterstaff of chaos (5)]
  1692 | D:2      | Slain by Crazy Yiuf

Action                   |  1- 3 |  4- 6 || total
-------------------------+-------+-------++-------
Melee: Trident           |    96 |    32 ||   128
 Stab: Distracted        |     1 |       ||     1
  Eat: Chunk             |       |     1 ||     1
